[Event "2026 European Womens Championship"]
[Site "Batumi, GE"]
[Date "2026.05.30"]
[Round "6"]
[White "Skvortsova, Alena"]
[Black "Brunello, Marina"]
[Result "0-1"]
[Board "87"]
[TimeControl "5400+30"]
[WhiteFideId "24166251"]
[BlackFideId "822590"]
[WhiteElo "2135"]
[BlackElo "2346"]
[WhiteTitle "WFM"]
[BlackTitle "IM"]
[WhiteClock "0:01:27"]
[BlackClock "0:24:59"]
[Variant "Standard"]

1. e4 c6 2. d4 d5 3. e5 Bf5 4. h4 h5 5. Bd3 Bxd3 6. Qxd3 Qa5+ 7. Nd2 e6 8. Ngf3 Nh6 9. O-O Nf5 10. Nb3 Qa6 11. Qc3 Qb6 12. Bg5 a5 13. a4 Nd7 14. Qd2 c5 15. Rab1 cxd4 16. Nbxd4 Nxd4 17. Nxd4 Nxe5 18. Nb5 Bc5 19. Qf4 f6 20. Qg3 O-O 21. Bf4 Ng4 22. Rbe1 e5 23. Be3 Bxe3 24. fxe3 Rac8 25. Re2 Rfd8 26. Kh1 Rc4 27. b3 Re4 28. Rfe1 Qc5 29. c4 Nh6 30. cxd5 Rg4 31. Qf2 Qxd5 32. e4 Qxb3 33. Qb6 Rd1 34. Qe3 Rxe1+ 35. Rxe1 Rxh4+ 36. Kg1 Qxa4 37. Qd2 0-1

[Event "2026 European Womens Championship"]
[Site "Batumi, GE"]
[Date "2026.05.30"]
[Round "6"]
[White "Nomin-Erdene, Davaademberel"]
[Black "Ptacnikova, Lenka"]
[Result "1-0"]
[Board "88"]
[TimeControl "5400+30"]
[WhiteFideId "4900782"]
[BlackFideId "305650"]
[WhiteElo "2328"]
[BlackElo "2126"]
[WhiteTitle "IM"]
[BlackTitle "WGM"]
[WhiteClock "0:03:21"]
[BlackClock "0:14:07"]
[Variant "Standard"]

1. e4 c5 2. Nf3 e6 3. d4 cxd4 4. Nxd4 Nc6 5. Nc3 Qc7 6. Be3 a6 7. Qf3 Nf6 8. O-O-O Ne5 9. Qg3 b5 10. a3 Bb7 11. Bxb5 Rc8 12. Ba4 Nxe4 13. Nxe4 Bxe4 14. Bf4 Qa5 15. Bxe5 Qxa4 16. Rd2 Bc5 17. Qxg7 Rf8 18. Re1 Bg6 19. Ree2 Bxa3 20. bxa3 Qxa3+ 21. Kb1 Qb4+ 22. Ka2 Qa5+ 23. Kb2 Qc3+ 24. Kb1 Qb4+ 25. Nb3 Qxb3+ 26. Kc1 Qa3+ 27. Bb2 Qa4 28. Be5 Qa3+ 29. Kd1 Qa2 30. Ke1 Bxc2 31. f3 Qb1+ 32. Kf2 Rc6 33. Bf4 Qb4 34. Bh6 Bb3 35. Rb2 Rc3 36. Re4 Qc5+ 37. Re3 Rc2+ 38. Rxc2 Bxc2 39. Kg3 f6 40. Qxf8+ Qxf8 41. Bxf8 Kxf8 42. Ra3 d5 43. Rxa6 Ke7 44. Ra7+ Kd6 45. Rf7 d4 46. Kf2 Ke5 47. h4 Bg6 48. Rd7 Bc2 49. Ke2 h5 50. Rd8 Bg6 51. g4 f5 52. g5 f4 53. Rg8 Bf7 54. Rf8 Bg6 55. Kd2 Bb1 56. Kc1 Bg6 57. Kb2 Bd3 58. Kb3 Bb1 59. Kb4 Bd3 60. Kc5 Bc2 61. Rd8 d3 62. Kb4 Kf5 63. Rf8+ Kg6 64. Kc3 e5 65. Rf6+ Kg7 66. Kd2 Bb3 67. Kxd3 Bd5 68. Ke2 e4 69. fxe4 Bxe4 70. Rxf4 Bc2 71. Kd2 Bg6 72. Rb4 Bf5 73. Ke3 Bc2 74. Rd4 Bf5 75. Kf4 Bc2 76. Rd6 Bb3 77. Ke5 Bc2 78. Ke6 Bb3+ 79. Ke7 Bc2 80. Rc6 Be4 81. Rc7 Bf5 82. Kd6+ Kg6 83. Re7 Bg4 84. Kc7 Bd1 85. Kd8 Ba4 86. Rb7 Bc2 87. Ke8 Be4 88. Re7 Bd5 89. Kf8 Bc4 90. Rd7 Bb3 91. Rd6+ Kf5 92. g6 Kg4 93. Rd4+ 1-0

[Event "2026 European Womens Championship"]
[Site "Batumi, GE"]
[Date "2026.05.30"]
[Round "6"]
[White "Urh, Zala"]
[Black "Deak-Sala, Emilia"]
[Result "0-1"]
[Board "89"]
[TimeControl "5400+30"]
[WhiteFideId "14611481"]
[BlackFideId "795615"]
[WhiteElo "2263"]
[BlackElo "2086"]
[WhiteTitle "WIM"]
[BlackTitle "WFM"]
[WhiteClock "0:00:34"]
[BlackClock "0:07:50"]
[Variant "Standard"]

1. d4 Nf6 2. c4 g6 3. Nc3 Bg7 4. e4 d6 5. Be2 O-O 6. Bg5 Nc6 7. d5 Ne5 8. Nf3 h6 9. Bd2 Nxf3+ 10. Bxf3 c6 11. O-O Rb8 12. a4 e5 13. b4 cxd5 14. cxd5 Ne8 15. Be3 Ra8 16. Qd2 Kh7 17. Be2 f5 18. f3 f4 19. Bf2 h5 20. Nb5 Qg5 21. Rfc1 a6 22. Nc7 Bh3 23. Bf1 Rc8 24. Nxe8 Rfxe8 25. Bb6 Bd7 26. b5 axb5 27. axb5 Qe7 28. Bc7 g5 29. b6 g4 30. Be2 Ra8 31. Ra7 gxf3 32. Bxf3 Bb5 33. Rxb7 Ra4 34. Ra7 Rd4 35. Qb2 Bc4 36. Ra4 Bxd5 37. Rxd4 exd4 38. exd5 Qe3+ 39. Kf1 d3 40. Qb1 Bd4 0-1

[Event "2026 European Womens Championship"]
[Site "Batumi, GE"]
[Date "2026.05.30"]
[Round "6"]
[White "Radeva, Viktoria"]
[Black "Liashkevich, Lizaveta"]
[Result "1-0"]
[Board "90"]
[TimeControl "5400+30"]
[WhiteFideId "2915405"]
[BlackFideId "13518658"]
[WhiteElo "2242"]
[BlackElo "2079"]
[WhiteTitle "WGM"]
[BlackTitle "WFM"]
[WhiteClock "0:31:03"]
[BlackClock "0:01:24"]
[Variant "Standard"]

1. e4 e6 2. d4 d5 3. e5 c5 4. c3 Nc6 5. Nf3 Qb6 6. Bd3 cxd4 7. O-O Bd7 8. Re1 Nge7 9. h4 Rc8 10. Nbd2 dxc3 11. bxc3 Na5 12. Rb1 Qc7 13. Ba3 Qxc3 14. Nb3 Nxb3 15. Rxb3 Qa5 16. Qb1 Nc6 17. Bxf8 Kxf8 18. Rxb7 Ke7 19. Qc1 h6 20. Rb5 Qd8 21. Qa3+ Ke8 22. Rc1 g5 23. Qb2 g4 24. Nd4 Nxd4 25. Rxc8 Bxc8 26. Qxd4 Ba6 27. Qb4 Bc8 28. Rb8 Qc7 29. Rxc8+ 1-0

[Event "2026 European Womens Championship"]
[Site "Batumi, GE"]
[Date "2026.05.30"]
[Round "6"]
[White "Szczotka, Klara"]
[Black "Tsiganova, Monika"]
[Result "1/2-1/2"]
[Board "91"]
[TimeControl "5400+30"]
[WhiteFideId "21858845"]
[BlackFideId "4500199"]
[WhiteElo "2241"]
[BlackElo "2039"]
[WhiteTitle "WFM"]
[BlackTitle "WIM"]
[WhiteClock "0:06:53"]
[BlackClock "0:19:54"]
[Variant "Standard"]

1. d4 Nf6 2. c4 e6 3. Nc3 Bb4 4. e3 O-O 5. Bd2 d5 6. Nf3 c6 7. Bd3 Nbd7 8. O-O b6 9. cxd5 exd5 10. Qa4 Bxc3 11. Bxc3 Bb7 12. Ne5 Qc7 13. f4 a5 14. Rac1 Qd6 15. Be1 Rfc8 16. Bg3 Ne4 17. Bxe4 dxe4 18. Qb3 Nxe5 19. fxe5 Qe6 20. Qxb6 Ba6 21. Rfd1 Bc4 22. b3 Bd5 23. Qc5 a4 24. bxa4 Rxa4 25. a3 Rb8 26. Rb1 Rba8 27. Rdc1 h5 28. Rc3 Qg4 29. Bf4 Qe2 30. e6 Bxe6 31. Qxc6 R4a5 32. Rf1 Qa2 33. Bd6 Bd5 34. Qd7 Be6 35. Qe7 Qe2 36. Qh4 Bc4 37. Re1 Qa2 38. Qxe4 Qd2 39. Rec1 f5 40. Qc2 Qxc2 41. R1xc2 Bd5 42. Rc7 R5a7 43. Be5 Bf7 44. Rxa7 Rxa7 45. Rc8+ Kh7 46. Rc7 Rxc7 47. Bxc7 g5 48. a4 Bd5 49. g3 Kg6 50. Kf2 Kf7 51. h4 g4 52. Ke2 Ke6 53. Kd3 Kd7 54. Bf4 Bc6 55. d5 Bxa4 56. Kd4 Ke7 57. Ke5 Bd7 58. Bg5+ Kf7 59. Kd6 Ba4 60. Bd8 Ke8 61. Ba5 Bd7 62. Bb4 Bc8 63. Bc3 Bd7 64. Be5 Bc8 65. Kc7 Bd7 66. Bf6 Ba4 67. Kd6 Bd7 68. Be7 Bc8 69. Bg5 Bd7 70. Ke5 Kf7 71. e4 fxe4 72. Kxe4 Bc8 73. Ke5 Bd7 74. Bd8 Ke8 75. Ba5 Kf7 76. Kd6 Ke8 77. Bd2 Bc8 78. Ke5 Kf7 79. Bc3 Bd7 80. Kf4 Kg6 81. Be5 Bc8 82. Bc3 1/2-1/2

[Event "2026 European Womens Championship"]
[Site "Batumi, GE"]
[Date "2026.05.30"]
[Round "6"]
[White "Peglau, Charis"]
[Black "Golsta, Madara"]
[Result "1/2-1/2"]
[Board "92"]
[TimeControl "5400+30"]
[WhiteFideId "16219996"]
[BlackFideId "11607386"]
[WhiteElo "2238"]
[BlackElo "2023"]
[WhiteTitle "WFM"]
[WhiteClock "0:31:44"]
[BlackClock "0:31:42"]
[Variant "Standard"]

1. Nf3 c5 2. g3 g6 3. Bg2 Bg7 4. c4 Nc6 5. Nc3 Nf6 6. d4 cxd4 7. Nxd4 O-O 8. O-O Qb6 9. Nb3 d6 10. Be3 Qc7 11. Nd5 Qd8 12. h3 Be6 13. Rc1 Qd7 14. Kh2 h5 15. Qd2 Ne5 16. Bg5 Rac8 17. Bxf6 exf6 18. Qf4 f5 19. Rfd1 Kh7 20. c5 Bxd5 21. Rxd5 Qb5 22. cxd6 Qxe2 23. Nd4 Qxb2 24. Rxc8 Rxc8 25. Rxe5 Rc4 26. Rd5 Rxd4 27. Rxd4 Qxd4 28. Qxd4 Bxd4 29. d7 Bb6 30. Bxb7 Kg7 31. Kg2 Kf6 32. Kf3 Ke7 33. Bc6 Kd6 34. Ba4 Ke7 35. Ke2 f6 36. Bb5 Kd8 37. a4 Ke7 38. Kf3 Kd8 39. Bc4 Kxd7 40. Bf7 g5 41. Bxh5 Ke7 42. Ke2 Bc7 43. h4 f4 44. Kf3 fxg3 45. fxg3 gxh4 46. gxh4 Kf8 47. Kg4 Kg7 48. Be8 Bb6 49. Kf5 1/2-1/2

[Event "2026 European Womens Championship"]
[Site "Batumi, GE"]
[Date "2026.05.30"]
[Round "6"]
[White "Liavonava, Yuliya"]
[Black "Purtseladze, Maka"]
[Result "1/2-1/2"]
[Board "93"]
[TimeControl "5400+30"]
[WhiteFideId "13524178"]
[BlackFideId "13602659"]
[WhiteElo "2118"]
[BlackElo "2237"]
[WhiteTitle "WFM"]
[BlackTitle "IM"]
[WhiteClock "0:05:27"]
[BlackClock "0:04:08"]
[Variant "Standard"]

1. e4 c6 2. d4 d5 3. e5 Bf5 4. h4 h5 5. Bd3 Qd7 6. Nf3 Bg4 7. a4 e6 8. c3 c5 9. dxc5 Bxc5 10. b4 Be7 11. Be3 Nh6 12. a5 Nf5 13. Bxf5 Bxf5 14. Nbd2 Bd3 15. Nb3 Bc4 16. Nc5 Qc7 17. Qa4+ Nd7 18. Nxd7 Qxd7 19. Qxd7+ Kxd7 20. Nd2 Rhc8 21. Bd4 Rc6 22. f4 Rac8 23. Bxa7 Bd3 24. Bd4 Rxc3 25. Bxc3 Rxc3 26. Kf2 Bxb4 27. Nf3 Be4 28. Kg3 Ba3 29. Ra2 Bd3 30. Rha1 Bc5 31. Rb2 Ba6 32. Ra4 f6 33. Kh2 Kc6 34. Nd4+ Bxd4 35. Rxd4 Kc5 36. Rd1 fxe5 37. fxe5 Re3 38. Rc2+ Kb4 39. Rc7 Rxe5 40. Rxg7 Re4 41. Kg3 Kxa5 42. Rh7 Be2 43. Ra1+ Kb6 44. Rb1+ Kc5 45. Rbxb7 Bg4 46. Rhc7+ Kd6 47. Rc2 Ra4 48. Rc1 Bf5 49. Rg7 Bg4 50. Rg8 Ra3+ 51. Kf2 Ra2+ 52. Kg3 Re2 53. Rxg4 hxg4 54. h5 Ke7 55. h6 Kf7 56. Rc7+ Kg8 57. Rd7 Kh8 58. Kf4 1/2-1/2

[Event "2026 European Womens Championship"]
[Site "Batumi, GE"]
[Date "2026.05.30"]
[Round "6"]
[White "Hryzlova, Sofiia"]
[Black "Koghuashvili, Tekla"]
[Result "1-0"]
[Board "94"]
[TimeControl "5400+30"]
[WhiteFideId "14174669"]
[BlackFideId "13621564"]
[WhiteElo "2226"]
[BlackElo "1921"]
[WhiteTitle "WIM"]
[WhiteClock "0:02:29"]
[BlackClock "0:14:48"]
[Variant "Standard"]

1. e4 c5 2. Nf3 e6 3. b3 Nc6 4. Qe2 e5 5. Bb2 d6 6. h3 g6 7. g3 Bg7 8. Bg2 Nge7 9. O-O O-O 10. d3 f5 11. Nbd2 f4 12. c3 Kh8 13. Rad1 Ng8 14. d4 Qf6 15. gxf4 exd4 16. cxd4 Qxf4 17. Nc4 d5 18. exd5 Nxd4 19. Nxd4 cxd4 20. Qd2 b5 21. Na5 Qh4 22. Bxd4 Nf6 23. Qc3 Bd7 24. Qg3 Qh5 25. Nc6 Rae8 26. Qc3 Kg8 27. Rd3 b4 28. Qc4 Bf5 29. d6+ Be6 30. Qxb4 Rf7 31. Ne7+ Kh8 32. Re3 Bd7 33. Qc4 Rff8 34. Qc7 Rd8 35. Qc3 Qh4 36. Nd5 Bb5 37. Bxf6 Bxf6 38. Nxf6 Rxf6 39. Re4 Qg5 40. Re5 Qf4 41. Rxb5 Rdxd6 42. Rb8+ Kg7 43. Rb7+ Kh6 44. Qc7 Rd2 45. Qxh7+ Kg5 46. Rb5+ Rf5 47. Rxf5+ Qxf5 48. Qxa7 Re2 49. Qd4 Rxa2 50. f4+ Kh4 51. Qd8+ g5 52. Qh8+ 1-0

[Event "2026 European Womens Championship"]
[Site "Batumi, GE"]
[Date "2026.05.30"]
[Round "6"]
[White "Mamedjarova, Turkan"]
[Black "Nahapetyan, Ani"]
[Result "0-1"]
[Board "95"]
[TimeControl "5400+30"]
[WhiteFideId "13402005"]
[BlackFideId "13317776"]
[WhiteElo "2222"]
[BlackElo "1827"]
[WhiteTitle "WGM"]
[WhiteClock "0:12:36"]
[BlackClock "0:18:52"]
[Variant "Standard"]

1. d4 d5 2. c4 c6 3. Nf3 Nf6 4. Nc3 e6 5. e3 Nbd7 6. Qc2 Bd6 7. b3 O-O 8. Be2 b6 9. O-O Bb7 10. Bb2 Rc8 11. Rfd1 Qe7 12. h3 Rfd8 13. a3 c5 14. a4 dxc4 15. bxc4 cxd4 16. Nxd4 a6 17. a5 bxa5 18. Nb3 Nc5 19. Nxa5 Ba8 20. Na4 Nxa4 21. Rxa4 Ne4 22. Rd4 Qg5 23. Bf3 f5 24. Ra1 Bc5 25. Rxd8+ Rxd8 26. Rd1 Rxd1+ 27. Qxd1 Nxf2 28. Qd7 Bxf3 29. Qxe6+ Kf8 30. Qc8+ Kf7 31. Qd7+ Be7 0-1

[Event "2026 European Womens Championship"]
[Site "Batumi, GE"]
[Date "2026.05.30"]
[Round "6"]
[White "Ivekovic, Tihana"]
[Black "Ibrahimova, Sabina"]
[Result "1/2-1/2"]
[Board "96"]
[TimeControl "5400+30"]
[WhiteFideId "14517825"]
[BlackFideId "13403893"]
[WhiteElo "2119"]
[BlackElo "2205"]
[WhiteTitle "WFM"]
[BlackTitle "WIM"]
[WhiteClock "0:05:30"]
[BlackClock "0:04:34"]
[Variant "Standard"]

1. e4 e5 2. Nf3 Nf6 3. Nxe5 d6 4. Nf3 Nxe4 5. d3 Nf6 6. d4 g6 7. Bd3 Bg7 8. O-O O-O 9. h3 Nbd7 10. Nc3 b6 11. Re1 Bb7 12. Bf1 Nd5 13. Ne2 Re8 14. c4 N5f6 15. d5 a5 16. Ned4 Nc5 17. Be3 Qd7 18. b3 Qc8 19. a3 Nfd7 20. b4 axb4 21. axb4 Rxa1 22. Qxa1 Nb3 23. Qc3 Nxd4 24. Nxd4 b5 25. Rc1 Nb6 26. Qb3 bxc4 27. Bxc4 Nxc4 28. Qxc4 Qa8 29. Nc6 Qa3 30. b5 h5 31. Rd1 Kh7 32. Qd3 Qa4 33. Rc1 Kg8 34. Qc4 Qa3 35. Rd1 1/2-1/2

[Event "2026 European Womens Championship"]
[Site "Batumi, GE"]
[Date "2026.05.30"]
[Round "6"]
[White "Olde, Margareth"]
[Black "Nadanyan, Kiti"]
[Result "1-0"]
[Board "97"]
[TimeControl "5400+30"]
[WhiteFideId "4503082"]
[BlackFideId "13316710"]
[WhiteElo "2194"]
[BlackElo "1801"]
[WhiteTitle "WIM"]
[WhiteClock "0:02:16"]
[BlackClock "0:00:32"]
[Variant "Standard"]

1. Nf3 d5 2. g3 Nf6 3. Bg2 Bf5 4. c4 e6 5. Qb3 Nc6 6. O-O Be7 7. cxd5 exd5 8. Nc3 O-O 9. d3 Qd7 10. Bf4 d4 11. Nb5 Rac8 12. Rfc1 a6 13. Nxc7 Rxc7 14. Bxc7 Qxc7 15. Nxd4 Nxd4 16. Rxc7 Nxb3 17. axb3 Bb4 18. Rxb7 a5 19. e4 Be6 20. d4 Bxb3 21. d5 Rd8 22. Rc1 Ne8 23. Ra7 Kf8 24. h4 f6 25. Bh3 Nd6 26. Rcc7 Nxe4 27. Be6 Bc5 28. Rab7 a4 29. Rxg7 Ke8 30. Rg8+ Bf8 31. Bf7# 1-0

[Event "2026 European Womens Championship"]
[Site "Batumi, GE"]
[Date "2026.05.30"]
[Round "6"]
[White "Damaso Tacoronte, Carolina"]
[Black "Jimenez Fernandez, Rebeca"]
[Result "0-1"]
[Board "98"]
[TimeControl "5400+30"]
[WhiteFideId "2292858"]
[BlackFideId "32070934"]
[WhiteElo "1890"]
[BlackElo "2166"]
[BlackTitle "WFM"]
[WhiteClock "0:29:29"]
[BlackClock "0:41:44"]
[Variant "Standard"]

1. d4 d5 2. c4 e6 3. Nc3 a6 4. cxd5 exd5 5. Nf3 Nf6 6. Bg5 Be6 7. e3 Nbd7 8. Bd3 Bd6 9. Qc2 c6 10. a3 a5 11. e4 dxe4 12. Nxe4 Be7 13. Nc5 Nxc5 14. dxc5 Nd7 15. Be3 Bxc5 16. Bxc5 Nxc5 17. Bxh7 Qe7 18. O-O g6 19. Bxg6 fxg6 20. Rfe1 O-O-O 21. b4 Nd3 22. Re3 Qf6 23. Rf1 Nf4 24. Rc1 Bd5 25. b5 Bxf3 26. Rxf3 Qg5 27. Rxf4 Qxf4 28. bxc6 Qxh2+ 29. Kf1 Qh1+ 30. Ke2 Rhe8+ 31. Kf3 Qh5+ 32. Kg3 Qe5+ 33. f4 Qe3+ 34. Kg4 Qe2+ 35. Qxe2 Rxe2 36. cxb7+ Kxb7 0-1

[Event "2026 European Womens Championship"]
[Site "Batumi, GE"]
[Date "2026.05.30"]
[Round "6"]
[White "Gvetadze, Sofio"]
[Black "Buyuk, Ecrin Efsa"]
[Result "1/2-1/2"]
[Board "99"]
[TimeControl "5400+30"]
[WhiteFideId "13601440"]
[BlackFideId "44505175"]
[WhiteElo "2311"]
[BlackElo "2076"]
[WhiteTitle "IM"]
[BlackTitle "WFM"]
[WhiteClock "0:31:06"]
[BlackClock "0:28:57"]
[Variant "Standard"]

1. e4 c6 2. d4 d5 3. exd5 cxd5 4. c4 Nf6 5. Nc3 e6 6. Nf3 Bb4 7. cxd5 Nxd5 8. Bd2 Nc6 9. Bd3 O-O 10. O-O Nf6 11. Bg5 h6 12. Bh4 Be7 13. a3 Bd7 14. Bc2 Nh5 15. Qd3 g6 16. Bxe7 Nxe7 17. Qe3 Kg7 18. Ne5 Bc6 19. Ng4 Ng8 20. d5 exd5 21. Rad1 Nhf6 22. Ne5 Re8 23. Qf4 Qe7 24. Rfe1 Nd7 25. Nxd5 Bxd5 26. Rxd5 Ngf6 27. Rb5 Qd6 28. Kf1 a6 29. Rd1 Qe7 30. Rxb7 Qxe5 31. Qxe5 Nxe5 32. Ba4 Red8 33. Re1 Nd3 34. Ree7 Rf8 35. Bb3 Nc5 36. Rxf7+ Kh8 37. Ra7 Rxa7 38. Rxf8+ Kg7 39. Rb8 Nxb3 40. Rxb3 Ne4 41. Rb4 Re7 42. f3 Nc5 43. Rd4 Nb3 1/2-1/2

[Event "2026 European Womens Championship"]
[Site "Batumi, GE"]
[Date "2026.05.30"]
[Round "6"]
[White "Lomaia, Diana"]
[Black "Kubicka, Anna"]
[Result "0-1"]
[Board "100"]
[TimeControl "5400+30"]
[WhiteFideId "13612476"]
[BlackFideId "1152254"]
[WhiteElo "2110"]
[BlackElo "2226"]
[WhiteTitle "WFM"]
[BlackTitle "WIM"]
[WhiteClock "0:01:31"]
[BlackClock "0:05:26"]
[Variant "Standard"]

1. d4 d6 2. e4 Nf6 3. Nc3 e5 4. f3 exd4 5. Qxd4 Nc6 6. Bb5 Bd7 7. Bxc6 Bxc6 8. Bg5 Be7 9. Nge2 O-O 10. Be3 b5 11. O-O Bd7 12. a3 c5 13. Qd2 Bc6 14. Nf4 Re8 15. Rad1 Bf8 16. Qf2 Qb8 17. Ncd5 Nxd5 18. Nxd5 a5 19. Qg3 Re6 20. h4 b4 21. axb4 Bxd5 22. Rxd5 Qxb4 23. Bc1 a4 24. h5 h6 25. Rfd1 c4 26. c3 Qb3 27. Qf2 Re5 28. R1d4 Ra5 29. Rxa5 Rxa5 30. Qe2 Rc5 31. Qd1 a3 32. bxa3 Qxc3 33. Qd2 Qb3 34. Qb2 Be7 35. Qe2 c3 36. Rb4 Qe6 37. Rb8+ Rc8 38. Rxc8+ Qxc8 39. Qc2 Qc5+ 40. Kf1 Bf6 41. g4 Bd8 42. Qf2 Qb5+ 43. Qe2 Qb1 44. Qe1 c2 45. Kg2 Bf6 46. e5 dxe5 47. Qc3 Qxc1 48. Qc8+ Kh7 49. Qf5+ g6 50. Qxf6 Qd2+ 51. Kh3 Qd7 52. hxg6+ fxg6 0-1

[Event "2026 European Womens Championship"]
[Site "Batumi, GE"]
[Date "2026.05.30"]
[Round "6"]
[White "Shuqja, Klean"]
[Black "Kochavi, Dana"]
[Result "1-0"]
[Board "101"]
[TimeControl "5400+30"]
[WhiteFideId "4701585"]
[BlackFideId "2837137"]
[WhiteElo "2092"]
[BlackElo "2209"]
[WhiteTitle "WFM"]
[BlackTitle "FM"]
[WhiteClock "0:13:00"]
[BlackClock "0:29:56"]
[Variant "Standard"]

1. e4 c5 2. Nf3 Nc6 3. c3 d5 4. exd5 Qxd5 5. d4 Bg4 6. Be2 e6 7. Na3 cxd4 8. Nb5 Rc8 9. Nbxd4 Bc5 10. O-O Nge7 11. Nxc6 Qxd1 12. Rxd1 Nxc6 13. b4 Be7 14. Be3 Bf6 15. Rac1 e5 16. b5 Ne7 17. h3 Be6 18. Bxa7 Ra8 19. Bc5 Nd5 20. a3 Rc8 21. Bb4 Nxb4 22. axb4 Ke7 23. c4 Rhd8 24. c5 Rxd1+ 25. Rxd1 Rd8 26. Rxd8 Kxd8 27. Nd2 Bg5 28. Nf3 Bf6 29. Bd3 Bd5 30. Nd2 Bg5 31. Ne4 Be7 32. Nc3 Be6 33. Be4 Kc7 34. Bd5 Bf5 35. Bxf7 Bg5 36. b6+ Kb8 37. b5 Bd7 38. Bc4 Be7 39. Ne4 h6 40. g4 Bd8 41. Nd6 Be7 42. Kg2 g6 43. Kf3 h5 44. Bf7 hxg4+ 45. hxg4 g5 46. Bd5 Bc8 47. Nxc8 Kxc8 48. c6 Bc5 49. Be6+ 1-0

[Event "2026 European Womens Championship"]
[Site "Batumi, GE"]
[Date "2026.05.30"]
[Round "6"]
[White "Nenova, Andzhelika"]
[Black "Bashylina, Luisa"]
[Result "1/2-1/2"]
[Board "102"]
[TimeControl "5400+30"]
[WhiteFideId "2939355"]
[BlackFideId "12983292"]
[WhiteElo "2072"]
[BlackElo "2208"]
[BlackTitle "WFM"]
[WhiteClock "0:14:53"]
[BlackClock "0:04:42"]
[Variant "Standard"]

1. e4 c5 2. Nf3 d6 3. d4 cxd4 4. Nxd4 Nf6 5. Nc3 Nc6 6. Bc4 e6 7. Be3 Bd7 8. Qe2 a6 9. Bb3 b5 10. a3 Na5 11. O-O Nxb3 12. cxb3 e5 13. Nc2 Be7 14. Bg5 Be6 15. Bxf6 Bxf6 16. Ne3 Bg5 17. Ned5 O-O 18. g3 f5 19. exf5 Bxf5 20. Ne4 Rc8 21. Rfe1 Bxe4 22. Qxe4 Qe8 23. Re2 Qf7 24. Kg2 Rc5 25. Rd1 a5 26. h4 Bd8 27. Ne3 Be7 28. Rd5 h5 29. Red2 Rxd5 30. Nxd5 Bd8 31. a4 b4 32. Rc2 Qa7 33. f3 Bb6 34. Nxb6 Qxb6 35. Rc6 Qd4 36. Qxd4 exd4 37. Rxd6 1/2-1/2

[Event "2026 European Womens Championship"]
[Site "Batumi, GE"]
[Date "2026.05.30"]
[Round "6"]
[White "Rodriguez Redondo, Adhara"]
[Black "Akat, Elifnaz"]
[Result "1-0"]
[Board "103"]
[TimeControl "5400+30"]
[WhiteFideId "32065698"]
[BlackFideId "34560556"]
[WhiteElo "2200"]
[BlackElo "2061"]
[WhiteTitle "WFM"]
[BlackTitle "WFM"]
[WhiteClock "0:05:57"]
[BlackClock "0:15:03"]
[Variant "Standard"]

1. e4 c5 2. Nf3 d6 3. Bb5+ Nd7 4. O-O Ngf6 5. Re1 g6 6. c3 a6 7. Bf1 Ne5 8. h3 Bg7 9. d4 Nxf3+ 10. Qxf3 cxd4 11. cxd4 Nd7 12. Be3 O-O 13. Nc3 Rb8 14. a4 b6 15. Qd1 Bb7 16. Qd2 Nf6 17. Bd3 e5 18. d5 Ne8 19. Qc2 Bc8 20. Na2 a5 21. Nc3 f5 22. exf5 gxf5 23. f4 e4 24. Bf1 Bb7 25. Rad1 Nf6 26. Bb5 Rc8 27. Qf2 Rc5 28. Bxc5 bxc5 29. Bc4 Nd7 30. Ne2 Nb6 31. b3 Nxc4 32. bxc4 Ba6 33. Rc1 Qd7 34. Qh4 Bf6 35. Qg3+ Kh8 36. Qb3 Qg7 37. Kh2 Rg8 38. g3 Bd4 39. Rf1 h5 40. Qb6 Bc8 41. Qxd6 h4 42. Rb1 Kh7 43. Rb3 e3 44. Rg1 Qf7 45. Rb6 Qh5 46. Qe7+ Rg7 47. Qxh4 Qxh4 48. gxh4 Re7 49. h5 Ra7 50. Rgg6 Bd7 51. Rh6+ Kg7 52. Rbg6+ Kf8 53. Rh7 Rb7 54. Rg2 Bf6 55. Rh6 Bd4 56. Rhg6 Rb2 57. Nxd4 Rxg2+ 58. Kxg2 cxd4 59. h6 1-0

[Event "2026 European Womens Championship"]
[Site "Batumi, GE"]
[Date "2026.05.30"]
[Round "6"]
[White "Calzetta Ruiz, Monica"]
[Black "Dimitrijevic, Aleksandra"]
[Result "1-0"]
[Board "104"]
[TimeControl "5400+30"]
[WhiteFideId "2204185"]
[BlackFideId "929239"]
[WhiteElo "2199"]
[BlackElo "2059"]
[WhiteTitle "WGM"]
[BlackTitle "WGM"]
[WhiteClock "0:32:25"]
[BlackClock "0:36:32"]
[Variant "Standard"]

1. e4 c5 2. Nf3 e6 3. d4 cxd4 4. Nxd4 Nc6 5. Nc3 d6 6. Be3 Nge7 7. f4 Nxd4 8. Qxd4 Nc6 9. Qd2 Be7 10. O-O-O a6 11. Kb1 b5 12. g4 Qc7 13. h4 Na5 14. g5 Bd7 15. Qd4 O-O 16. h5 Nc6 17. Qd2 b4 18. Na4 Rab8 19. h6 Na5 20. Nb6 Bc6 21. hxg7 Rfd8 22. Bd3 Kxg7 23. Rxh7+ Kxh7 24. Qh2+ Kg7 25. Qh6+ Kg8 26. Rh1 1-0

[Event "2026 European Womens Championship"]
[Site "Batumi, GE"]
[Date "2026.05.30"]
[Round "6"]
[White "Hayrapetyan, Nvard"]
[Black "Maisuradze, Nino"]
[Result "1/2-1/2"]
[Board "105"]
[TimeControl "5400+30"]
[WhiteFideId "13316460"]
[BlackFideId "13601717"]
[WhiteElo "2057"]
[BlackElo "2198"]
[WhiteTitle "WFM"]
[BlackTitle "WGM"]
[WhiteClock "0:36:27"]
[BlackClock "0:30:03"]
[Variant "Standard"]

1. d4 Nf6 2. c4 c5 3. d5 e5 4. Nc3 d6 5. e4 Be7 6. Nf3 Nbd7 7. Be2 Nf8 8. O-O Ng6 9. Ne1 h5 10. Nd3 h4 11. h3 Bd7 12. Be3 Qc8 13. Kh2 a6 14. a4 b6 15. b3 Rb8 16. f4 exf4 17. Nxf4 Ne5 18. Nd3 Nxd3 19. Qxd3 Nh5 20. Bxh5 Rxh5 21. Qe2 Rh8 22. Qf3 f6 23. Bf4 g5 24. e5 gxf4 25. e6 Kd8 26. exd7 Qxd7 27. Rae1 Kc7 28. Re6 f5 29. Qxf4 Rbf8 30. a5 bxa5 31. Na4 Kb7 32. Rfe1 Rh7 33. Kh1 Rg7 34. Qf3 Bg5 35. Qc3 Bd8 36. Rxd6 Qxd6 37. Qxg7+ Bc7 38. Kg1 Qh2+ 39. Kf1 Qf4+ 40. Kg1 Qh2+ 41. Kf1 Qf4+ 42. Kg1 Qh2+ 1/2-1/2

[Event "2026 European Womens Championship"]
[Site "Batumi, GE"]
[Date "2026.05.30"]
[Round "6"]
[White "Peycheva, Gergana"]
[Black "Tsirulnik, Maritsa"]
[Result "1-0"]
[Board "106"]
[TimeControl "5400+30"]
[WhiteFideId "2916711"]
[BlackFideId "14118688"]
[WhiteElo "2186"]
[BlackElo "2028"]
[WhiteTitle "FM"]
[BlackTitle "WFM"]
[WhiteClock "0:12:23"]
[BlackClock "0:01:29"]
[Variant "Standard"]

1. d4 Nf6 2. c4 e6 3. g3 d5 4. Bg2 Be7 5. Nf3 O-O 6. O-O dxc4 7. Qc2 a6 8. a4 Bd7 9. Qxc4 Bc6 10. Bg5 b5 11. Qc2 Be4 12. Qc1 b4 13. Nbd2 Bd5 14. Bxf6 Bxf6 15. e4 Bb7 16. Qc4 a5 17. Rfd1 Nd7 18. Rac1 c5 19. dxc5 Bxb2 20. Rc2 Bc3 21. Nb1 Ba6 22. Qa2 Rb8 23. Rcc1 b3 24. Qa3 Bb4 25. Qb2 Qc7 26. Nd4 Nxc5 27. Nxb3 Nxa4 28. Qa2 Nc5 29. Nxc5 Bxc5 30. Nc3 Bb4 31. Nd5 Qe5 32. Nxb4 Rxb4 33. Ra1 a4 34. Qd2 Rb2 35. Qe3 Rb3 36. Qa7 Bb5 37. h4 g6 38. Bf1 Bc6 39. Bg2 Ra8 40. Qe7 Kg7 41. Rac1 Re8 42. Qa7 Rc3 43. f4 Rxc1 44. Rxc1 Qb5 45. Qd4+ Kg8 46. h5 Rb8 47. h6 Qb6 48. Rc5 f6 49. Kh2 Rb7 50. Qc3 Be8 51. e5 Ra7 52. exf6 Kf7 53. Bc6 Bxc6 54. Rxc6 Qf2+ 55. Kh3 Qf1+ 56. Kh2 Qe2+ 57. Kh3 Qh5+ 58. Kg2 Qd5+ 59. Kh2 Qh5+ 60. Kg1 Qd1+ 61. Kf2 Rd7 62. Rc7 Rxc7 63. Qxc7+ Kxf6 64. Qg7+ Kf5 65. Qe5+ 1-0